 Dungeon Crawl Stone Soup version 0.29-a0-885-gb26ba3297d (webtiles) character file.

Game seed: 14928850370821973596

9419 Mesmaeker13 the Fighter (level 11, -4/88 (90) HPs)
             Began as a Formicid Arcane Marksman on July 20, 2022.
             Slain by a wight
             ... wielding a +0 halberd
              (17 damage)
             ... on level 8 of the Dungeon.
             The game lasted 00:18:57 (10878 turns).

Mesmaeker13 the Fighter (Formicid Arcane Marksman) Turns: 10878, Time: 00:18:58

HP:   -4/88 (90)    AC:  3    Str: 15      XL:     11   Next: 74%
MP:   12/12         EV: 15    Int: 15 (17) God:
Gold: 597           SH:  5    Dex: 14      Spells: 7/12 levels left

rFire   . . .      SeeInvis +   N - +1 glaive (protect)
rCold   + . .      Faith    .   f - +0 buckler
rNeg    . . .      Spirit   .   g - +0 ring mail
rPois   .          Reflect  .   (helmet unavailable)
rElec   .          Harm     .   p - +0 cloak
rCorr   .          Rampage  .   v - +0 pair of gloves
Will    +....                   I - +0 pair of boots
Stlth   +.........              (no amulet)
HPRegen 0.24/turn               y - ring of protection from cold
MPRegen 0.13/turn               L - +4 ring of evasion

@: lethally poisoned (-4 -> -5), corroded, lightly drained, very slow
A: permanent stasis, dig shafts and tunnels, antennae 3, four strong arms
a: Dig, Shaft Self


You were on level 8 of the Dungeon.
You visited 1 branch of the dungeon, and saw 10 of its levels.
You also visited: Ossuary.

You collected 597 gold pieces.

Inventory:

Hand Weapons
 B - the +9 sling "Bapat" {speed, rF+}
   (You found it on level 4 of the Dungeon)

   Attacks with this weapon are significantly faster.
   rF:        It protects you from fire.
 E - a +3 morningstar
 N - a +1 glaive of protection (weapon)
 P - a +5 halberd
Missiles
 G - 9 javelins
Armour
 a - a +0 robe of the Archmagi
 f - a +0 buckler (worn)
 g - a +0 ring mail (worn)
 p - a +0 cloak (worn)
 v - a +0 pair of gloves (worn)
 H - the +1 robe of Puckish Awe {*Slow Will++ Str+7}
   (You found it on level 6 of the Dungeon)

   Str:       It affects your strength (+7).
   *Slow:     It may slow you when you take damage.
   Will:      It greatly increases your willpower.
 I - a +0 pair of boots (worn)
Jewellery
 d - a ring of fire
 y - a ring of protection from cold (left hand)
 J - a ring of wizardry
 L - a +4 ring of evasion (right hand)
Wands
 j - a wand of roots (8)
 r - a wand of flame (5)
 F - a wand of digging (2)
Scrolls
 b - 2 scrolls of vulnerability
 e - a scroll of enchant armour {unknown}
 h - a scroll of summoning {unknown}
 i - a scroll of acquirement {unknown}
 k - 3 scrolls of poison
 m - 2 scrolls of fear
 n - 2 scrolls of enchant weapon {unknown}
 w - a scroll of amnesia {unknown}
 x - 5 scrolls of teleportation {unknown}
 A - 2 scrolls of immolation
 D - 3 scrolls of magic mapping
 O - a scroll of blinking {unknown}
 R - a scroll of noise {unknown}
 S - a scroll of fog {unknown}
Potions
 c - a potion of ambrosia {unknown}
 l - a potion of mutation {unknown}
 o - 6 potions of lignification
 q - 3 potions of curing
 s - 2 potions of flight {unknown}
 t - 4 potions of heal wounds
 u - 2 potions of might {unknown}
 z - 3 potions of brilliance {unknown}
 C - 2 potions of degeneration {unknown}
 K - a potion of haste {unknown}
 M - 3 potions of cancellation {unknown}
 Q - a potion of experience {unknown}


   Skills:
 + Level 9.8 Fighting
 + Level 4.7 Polearms
 + Level 9.1 Ranged Weapons
 + Level 9.5 Armour
 - Level 2.3 Dodging
 - Level 6.1 Shields
 - Level 1.1 Spellcasting
 - Level 7.3 Hexes


You had 7 spell levels left.
You knew the following spells:

 Your Spells              Type           Power      Damage    Failure   Level
a - Slow                  Hex            88%        N/A       2%          1
b - Cause Fear            Hex            11%        N/A       24%         4

Your spell library contained the following spells:

 Spells                   Type           Power      Damage    Failure   Level
 Tukima's Dance           Hex            22%        N/A       8%          3
 Inner Flame              Hex/Fire       11%        N/A       32%         3
 Portal Projectile        Hex/Tloc       22%        N/A       32%         3
 Summon Guardian Golem    Hex/Summ       11%        N/A       32%         3
 Static Discharge         Conj/Air       0%         3-3/arc   58%         2
 Yara's Violent Unravell  Hex/Tmut       5%         3d4       97%         5
 Dispel Undead            Necr           0%         3d6       99%         4
 Passage of Golubria      Tloc           0%         N/A       99%         4
 Sticky Flame             Conj/Fire      0%         2d3       99%         4
 Orb of Destruction       Conj           0%         9d5       100%        7
 Spellforged Servitor     Conj/Summ      0%         N/A       100%        7


Dungeon Overview and Level Annotations

Branches:
Dungeon (10/15)            Temple (0/1) D:6            Lair (0/5) D:8
    Orc (0/2) D:9         Ossuary (visited)

Altars:
Cheibriados
Gozag
Kikubaaqudgha
Makhleb
Qazlal
Ru
Vehumet
The Shining One

Shops:
D:3 (

Annotations:
D:7 exclusion: statue
D:9 exclusions: obsidian statue and orange crystal statue
D:10 3 runed translucent doors, qborf's ghost, journeyman DsHW


Innate Abilities, Weirdness & Mutations

You cannot be hasted, slowed, berserked, paralysed or teleported.
You can dig through walls and to a lower floor.
You have a pair of large antennae on your head. (SInv)
Your four strong arms can wield two-handed weapons with a shield.


Message History

Aim: a wight, wielding a +0 halberd and wearing a +0 robe (heavily damaged, 73% to hit)
You shoot a sling bullet. The sling bullet hits the wight.
The wight is almost destroyed.
An orc comes into view. It is wielding a +0 hand axe.
The wight barely misses you.
The centaur wields a +2 shortbow of flaming.
It bursts into flame!
The centaur shoots an arrow.
The arrow hits you.
The orc shouts!
The centaur unwields a +2 shortbow of flaming.
It stops flaming.
The centaur hits you.
The centaur kicks you but does no damage.
The wight barely misses you.
The wight hits you from afar with a +2 trident of venom.
You are poisoned.
Okay, then.
Unknown command.
As you read the scroll of fear, it crumbles to dust.
You assume a fearsome visage.
The wight is unaffected. x2
The centaur looks frightened!
You feel very sick.
A wight comes into view. It is wielding a +0 great sword.
The wight barely misses you.
Unknown command.
You feel sick.
The centaur howls in fear.
The wight closely misses you. The wight misses you.
The centaur gives up.
The wight hits you from afar with a +0 halberd.
* * * LOW HITPOINT WARNING * * *
You feel drained.
* * * LOW HITPOINT WARNING * * *
You feel sick.
You feel sick.
You feel the world leave you behind!
Your stasis prevents you from being slowed.
Your +1 glaive of protection hums with potential!
N - a +1 glaive of protection (weapon)
The wight misses you.
You feel sick. The wight hits you with a +0 halberd!
You die...

.### ... ##.### #
#.... .#
.######.)# .# #
.......{.###.#.###
###.###.#.........
.......ozz....##
........#@#.###
....##..#.# # ....
#..#.# ... .....#
.. .#..#.#
.......# .. #..###
##


You could see 2 wights and an orc.

Vanquished Creatures
  Erica (D:9)
  Pikel (D:4)
  Maurice (D:8)
  A gargoyle (D:9)
  A kobold demonologist (D:7)
  A troll (D:9)
  6 yaks
  A wraith (D:7)
  2 wyverns (D:7)
  Menkaure (D:4)
  3 steam dragons
  4 water moccasins
  An acid dragon (D:7)
  3 ice beasts
  4 orc warriors
  3 sky beasts
  2 black bears (D:5)
  An ogre (D:6)
  A lemure (D:3)
  2 centaurs (D:9)
  A kobold brigand (D:10)
  3 phantoms
  3 elf zombies
  3 bullfrogs
  3 elf skeletons (D:8)
  3 scorpions
  21 wights
  3 howler monkeys (D:9)
  A centaur zombie (Ossuary)
  2 human zombies (Ossuary)
  2 hounds (D:5)
  2 jellies
  6 orc priests
  Crazy Yiuf (D:2)
  6 iguanas
  A human skeleton (D:8)
  Natasha (twice) (D:3)
  7 orc wizards
  5 hound zombies (Ossuary)
  3 mummies (Ossuary)
  17 gnolls
  9 adders
  A shadow imp (D:7)
  3 ufetubi
  3 adder zombies (Ossuary)
  A dart slug (D:3)
  22 orcs
  8 ball pythons
  9 endoplasms
  4 giant cockroaches (D:1)
  8 goblins
  7 hobgoblins
  13 jackals
  8 quokkas
  11 bats
  4 frilled lizards
  7 goblin zombies (Ossuary)
  3 hobgoblin zombies (Ossuary)
  2 jackal zombies (Ossuary)
  16 kobolds
  3 kobold zombies (Ossuary)
  2 orc skeletons (D:8)
  4 orc zombies
  2 quokka zombies (Ossuary)
  6 rats
  4 rat zombies (Ossuary)
295 creatures vanquished.

Vanquished Creatures (others)
  A human (D:4)
  3 plants (D:1)
4 creatures vanquished.

Grand Total: 299 creatures vanquished

Notes
Turn   | Place    | Note
-------+----------+-------------------------------------------
     0 | D:1      | Mesmaeker13 the Formicid Arcane Marksman began the quest
                  | for the Orb.
     0 | D:1      | Reached XP level 1. HP: 15/15 MP: 2/2
    30 | D:1      | Reached XP level 2. HP: 21/21 MP: 3/3
   385 | D:1      | Reached XP level 3. HP: 24/27 MP: 4/4
   683 | D:1      | Found a faded altar of an unknown god.
  1211 | D:1      | Reached XP level 4. HP: 33/33 MP: 5/5
  1523 | D:2      | Reached skill level 1 in Shields
  1575 | D:2      | Reached skill level 1 in Armour
  1724 | D:2      | Found a runed translucent door.
  1725 | D:2      | Noticed Crazy Yiuf
  1736 | D:2      | Killed Crazy Yiuf
  1737 | D:2      | Reached XP level 5. HP: 21/39 MP: 6/6
  2600 | D:3      | Reached XP level 6. HP: 42/47 MP: 7/7
  3082 | D:3      | Found Huzirumm's Weapon Emporium.
  4119 | D:4      | Noticed Natasha
  4119 | D:4      | Noticed Menkaure
  4124 | D:3      | Killed Natasha
  4149 | D:4      | Killed Menkaure
  4150 | D:4      | Reached XP level 7. HP: 53/53 MP: 8/8
  4162 | D:4      | Identified the +9 sling "Bapat" {speed, rF+}
  4227 | D:4      | Found a glowing golden altar of the Shining One.
  4572 | D:4      | Noticed Pikel
  4626 | D:3      | Noticed Natasha
  4633 | D:3      | Killed Natasha
  4851 | D:4      | Killed Pikel
  4852 | D:4      | Reached skill level 5 in Fighting
  4852 | D:4      | Reached skill level 5 in Ranged Weapons
  4852 | D:4      | Reached skill level 5 in Shields
  4852 | D:4      | Reached XP level 8. HP: 62/62 MP: 9/9
  4912 | D:4      | Found an ancient bone altar of Kikubaaqudgha.
  4914 | D:4      | Noticed a human
  4916 | D:4      | Killed a human
  4948 | D:4      | Found a burning altar of Makhleb.
  5083 | D:5      | Entered Level 5 of the Dungeon
  5499 | D:5      | Reached skill level 5 in Armour
  5708 | D:5      | Reached XP level 9. HP: 69/69 MP: 8/10
  6742 | D:6      | Found a sacrificial altar of Ru.
  6776 | D:6      | Reached skill level 5 in Hexes
  6778 | D:6      | Identified the +1 robe of Puckish Awe {*Slow Will++ Str+7}
  6909 | D:6      | Found a staircase to the Ecumenical Temple.
  6980 | D:6      | Found a snail-covered altar of Cheibriados.
  6988 | D:6      | Became a worshipper of Cheibriados the Contemplative
  7122 | D:6      | Found a stormy altar of Qazlal.
  7177 | D:6      | Fell from the grace of Cheibriados
  7669 | D:7      | Reached XP level 10. HP: 76/79 MP: 11/11
  7778 | D:7      | Found an opulent altar of Gozag.
  7878 | D:7      | Found a radiant altar of Vehumet.
  8138 | D:7      | Learned a level 4 spell: Cause Fear
  8379 | D:7      | Reached skill level 1 in Polearms
  8396 | D:7      | Noticed a kobold demonologist
  8408 | D:7      | Killed a kobold demonologist
  8428 | D:7      | Noticed a seven-headed hydra
  8431 | D:7      | You fall into a shaft and drop 3 floors!
  8431 | D:10     | Entered Level 10 of the Dungeon
  8608 | D:10     | Noticed qborf's ghost (journeyman DsHW)
  8609 | D:10     | Noticed an efreet
  8611 | D:10     | Noticed a cyclops
  8615 | D:10     | Found a runed translucent gate.
  8615 | D:10     | Found a runed translucent gate.
  8615 | D:10     | Found a runed translucent gate.
  8810 | D:9      | Reached XP level 11. HP: 71/87 MP: 12/12
  8818 | D:8      | Noticed Maurice
  9148 | D:8      | Found a staircase to the Lair.
  9352 | D:8      | Killed Maurice
  9384 | D:8      | Found a sand-covered staircase.
  9391 | Ossuary  | Entered an ossuary
 10113 | D:7      | You fall into a shaft and drop 2 floors!
 10148 | D:9      | Noticed an orange crystal statue
 10235 | D:9      | Noticed Erica
 10252 | D:9      | Killed Erica
 10354 | D:9      | Found a staircase to the Orcish Mines.
 10697 | D:9      | Noticed an obsidian statue
 10843 | D:9      | Noticed a soul eater
 10878 | D:8      | Slain by a wight

Illustrated notes

Levels and vault maps discovered:
D:1:      lemuel_arrival_muddy, layout_rooms, serial_curves, eino_curves_04,
          eino_curves_04, shapermc_ecumenical_altar_mp_ritualfount
D:2:      layout_basic, kennysheep_crisscross, minmay_three_crescents,
          uniq_crazy_yiuf_cottage
D:3:      layout_basic, serial_shops, nicolae_shop_bloodbath_and_beyond
D:4:      layout_loops_ring, tso_metal_star, tgw_kikubaaqudgha,
          lightli_temple_of_fire, grunt_decor_one_mirror, minmay_surrounded,
          uniq_natasha, uniq_pikel, uniq_menkaure
D:5:      layout_layer_cave
D:6:      layout_basic, mainiacjoe_overflow_alcove_4, cheibriados_altar_1,
          lemuel_round_altar, minmay_temple_entry_from_below_a
D:7:      nzn_winding_woodlands_medium [nzn_winding_woodlands_5x5_checkerboard,
          nzn_winding_woodlands_5x15_pockets, nzn_winding_woodlands_5x5_cross,
          nzn_winding_woodlands_hourglass, nzn_winding_woodlands_center_lodge,
          nzn_winding_woodlands_5x5_default,
          nzn_winding_woodlands_5x5_open_star,
          nzn_winding_woodlands_5x15_crooked, nzn_winding_woodlands_5x5_three],
          layout_loops_ring, vehumet_statue, grunt_gozag_breadcrumbs,
          kennysheep_generic_room_12
D:8:      layout_basic, nicolae_overflow_hidden_temple, lair_entry_dummy,
          nicolae_ossuary_entry_catacombs, minmay_manual_mullet, uniq_maurice
D:9:      minmay_separated_statues, layout_rooms, orc_0_dummy, uniq_erica
D:10:     layout_loops_ring, kennysheep_ying_yang, gammafunk_ghost_split,
          kennysheep_big_empty_room

Skill      XL: |  1  2  3  4  5  6  7  8  9 10 11 |
---------------+----------------------------------+-----
Dodging        | 2 |  2.3
Fighting       | 2 3 5 7 8 9 |  9.8
Shields        | 1 2 3 5 6 |  6.1
Armour         | 1 2 3 4 5 6 8 9 |  9.5
Ranged Weapons | 3 5 6 8 9 |  9.1
Hexes          | 6 7 |  7.3
Polearms       | 2 4 |  4.7
Spellcasting   | |  1.1

Action                   |  1- 3 |  4- 6 |  7- 9 | 10-12 || total
-------------------------+-------+-------+-------+-------++-------
Melee: Spear             |    70 |   193 |       |       ||   263
       Glaive            |       |       |       |    28 ||    28
 Fire: Sling             |    18 |     2 |   241 |   591 ||   852
Throw: Dart              |       |     4 |       |       ||     4
 Cast: Slow              |       |       |     1 |     2 ||     3
       Cause Fear        |       |       |       |     1 ||     1
 Abil: Shaft Self        |       |       |       |     2 ||     2
Evoke: Wand              |       |     1 |       |    12 ||    13
  Use: Scroll            |       |     3 |     1 |     3 ||     7
       Potion            |       |       |       |     2 ||     2
Armor: Robe              |     5 |       |       |       ||     5
       Ring mail         |    12 |    50 |    16 |    51 ||   129
       Skin              |       |       |       |    15 ||    15
Dodge: Dodged            |    37 |    79 |    27 |   115 ||   258
Block: Buckler           |     8 |    39 |    15 |    62 ||   124

Table legend: (Time is in decaauts)
 A = Elapsed time spent in this place.
 B = Non-inter-level travel time spent in this place.
 C = Inter-level travel time spent in this place.
 D = Time resting spent in this place.
 E = Time spent auto-exploring this place.
 F = Levels seen in this place.
 G = Mean time per level.
                   A        B        C        D        E       F      G
               +--------+--------+--------+--------+--------+-----+--------+
         Total |  11305 |  11053 |    252 |   1647 |   6862 |  11 | 1027.7 |
       Dungeon |  10905 |  10653 |    252 |   1565 |   6723 |  10 | 1090.5 |
       Ossuary |    400 |    400 |      0 |     82 |    139 |   1 |  400.0 |
               +--------+--------+--------+--------+--------+-----+--------+

Top non-repeatable levels by time:
     D:3: 1648 daAuts
     D:1: 1520 daAuts
     D:7: 1396 daAuts
     D:5: 1238 daAuts
     D:6: 1153 daAuts
     D:9: 1119 daAuts
     D:2: 1063 daAuts
     D:4: 889 daAuts
     D:8: 470 daAuts
    D:10: 406 daAuts
 Ossuary: 400 daAuts
